Islanders vs Predators
Created - April 2, 2023 at 20:47
Goals
|
| Islanders |
2 |
1 |
0 |
3 |
| Predators |
1 |
2 |
2 |
5 |
|
Shots
|
| Islanders |
9 |
15 |
8 |
32 |
| Predators |
9 |
17 |
15 |
41 |
|
1st period
1. Islanders , Kellan Lain 16 (Vladimir Tarasenko 32, Frans Nielsen 37) at 3:42 (PP)
2. Islanders , Vladimir Tarasenko 28 (Kellan Lain 15) at 13:18 (PP)
3. Predators , Mark Pysyk 13 (Nicolas Kerdiles 16, Andy Miele 36) at 18:47
Penalties :
Scott Laughton (Nas) for Hooking (Minor) at 3:29, Justin Faulk (Nas) for Hooking (Minor) at 6:49, Alexander Ovechkin (Nas) for Boarding (Minor) at 11:24
2nd period
4. Islanders , Yann Sauvé 2 (Vladimir Tarasenko 33, Ryan Ellis 53) at 0:16 (SH)
5. Predators , Justin Faulk 4 (Jaden Schwartz 24, Ryan Mcdonagh 36) at 6:12 (PP)
6. Predators , Mikael Granlund 32 (Matt Stajan 18, Alexander Ovechkin 37) at 18:15 (PP)
Penalties :
Frans Nielsen (NyI) for Slashing (Minor) at 0:03, Matt Stajan (Nas) for Hooking (Minor) at 4:04, Frans Nielsen (NyI) for Boarding (Minor) at 4:28, Kellan Lain (NyI) for Holding (Minor) at 17:20
3rd period
7. Predators , Reilly Smith 12 (Ryan Mcdonagh 37, Jaden Schwartz 25) at 17:40
8. Predators , Matt Stajan 15 (Mikael Granlund 41, Justin Faulk 21) at 18:28 (PP)
Penalties :
Justin Falk (NyI) for Hooking (Minor) at 6:01, Kellan Lain (NyI) for Hooking (Minor) at 18:15
Goalie Stats
Cam Ward (NyI), 36 saves from 41 shots - (0.878), L, 13-9-3, 60:00 minutes
Michal Neuvirth (Nas), 29 saves from 32 shots - (0.906), W, 19-21-2, 60:00 minutes
Players Stats for Islanders
Player Name G A P +/- PIM S H SB GA TA FO MP PP MP PK MP
------------------------------------------------------------------------------------
Andrew Shaw 0 0 0 -1 0 0 2 0 0 0 0/1 6:18 0:00 0:00
Brenden Dillon 0 0 0 0 0 0 0 0 0 0 0/0 10:51 0:00 0:00
Brock McGinn 0 0 0 -1 0 2 2 2 1 0 1/3 18:17 2:28 0:41
Craig Smith 0 0 0 0 0 1 1 0 0 0 0/0 12:45 0:00 0:00
Dylan McIlrath 0 0 0 0 0 0 0 0 0 0 0/0 3:33 0:00 0:00
Emerson Etem 0 0 0 -1 0 0 0 0 0 0 0/0 7:23 0:00 0:54
Frans Nielsen 0 1 1 0 4 4 1 0 0 1 11/29 17:49 2:01 0:40
Justin Falk 0 0 0 0 2 0 0 1 0 0 0/0 10:55 0:00 0:00
Kellan Lain 1 1 2 0 4 2 3 1 0 1 1/2 17:50 2:02 1:08
Melker Karlsson 0 0 0 -1 0 3 2 1 1 1 4/12 17:39 2:28 0:03
Michael Latta 0 0 0 0 0 1 1 0 0 0 7/10 14:02 0:00 0:00
Nikita Zadorov 0 0 0 -1 0 1 1 1 0 1 0/0 19:19 2:06 1:43
Rick Nash 0 0 0 0 0 2 2 0 3 1 0/0 22:32 2:28 3:34
Ryan Ellis 0 1 1 0 0 4 0 1 2 1 0/0 29:50 2:24 3:32
Sergei Plotnikov 0 0 0 0 0 1 2 0 0 0 0/0 12:58 0:00 0:00
Vladimir Tarasenko 1 2 3 0 0 7 1 0 0 0 3/12 25:28 2:02 3:30
Wes O'Neill 0 0 0 -1 0 1 1 0 1 1 0/0 19:19 2:06 1:43
Yann Sauvé 1 0 1 0 0 3 1 2 1 1 0/0 26:17 2:24 3:32
Players Stats for Predators
Player Name G A P +/- PIM S H SB GA TA FO MP PP MP PK MP
------------------------------------------------------------------------------------
Alexander Edler 0 0 0 0 0 1 2 0 0 0 0/0 20:52 1:26 0:00
Alexander Ovechkin 0 1 1 -1 2 3 1 1 1 0 0/0 21:33 3:21 0:23
Andy Miele 0 1 1 1 0 3 2 0 0 0 11/14 14:28 0:00 2:47
Jack Eichel 0 0 0 1 0 2 1 1 0 1 7/13 15:09 1:54 0:00
Jaden Schwartz 0 2 2 1 0 4 2 0 2 3 1/3 16:54 1:54 1:20
John Moore 0 0 0 0 0 2 1 1 0 0 0/0 20:48 1:26 2:08
Josh Morrissey 0 0 0 1 0 1 0 0 0 0 0/0 12:01 0:00 1:02
Justin Abdelkader 0 0 0 0 0 0 0 0 1 0 2/2 7:52 0:00 0:23
Justin Faulk 1 1 2 0 2 2 2 3 0 0 0/0 24:33 3:49 1:15
Mark Pysyk 1 0 1 1 0 2 2 0 1 1 0/0 14:11 0:00 2:47
Matt Stajan 1 1 2 -1 2 2 0 1 0 0 16/27 20:00 3:21 0:00
Mikael Granlund 1 1 2 -1 0 8 2 0 0 0 3/4 21:11 3:21 0:00
Mike Brown 0 0 0 0 0 1 3 0 0 1 1/1 8:49 0:00 1:20
Nate Schmidt 0 0 0 1 0 1 0 1 0 0 0/0 13:33 0:00 2:13
Nicolas Kerdiles 0 1 1 1 0 2 1 0 1 0 0/0 11:15 0:00 0:00
Reilly Smith 1 0 1 1 0 1 0 0 1 1 0/0 15:09 1:54 0:00
Ryan Mcdonagh 0 2 2 0 0 4 1 0 1 2 0/0 28:13 3:49 2:22
Scott Laughton 0 0 0 0 2 2 0 0 0 0 1/5 7:20 0:00 0:00
3 Stars
1 - Vladimir Tarasenko (NyI)
2 - Mikael Granlund (Nas)
3 - Mark Pysyk (Nas)
Power Play
Islanders - 2 on 4 Attempt(s) - 50.00%
Predators - 3 on 5 Attempt(s) - 60.00%
Penalty Kill
Islanders - 2 on 5 Attempt(s) - 40.00%
- Score 1 goal in Penalty Kill
Predators - 2 on 4 Attempt(s) - 50.00%
- Score 0 goal in Penalty Kill
Team Stat
Islanders - Hits : 20 - Faceoff Wins : 27 - Blocked Shots : 9 - Penalty Minutes : 10
Predators - Hits : 20 - Faceoff Wins : 42 - Blocked Shots : 8 - Penalty Minutes : 8
Official
Referees : Kyle Rehman and Peter MacDougall
Linesman : Steve Miller and Devin Berg
Game Notes
No Game Note
Finance
Level 1 -- Attendance: 5907 (98.45%) -- Ticket Income $590,700
Level 2 -- Attendance: 4482 (89.64%) -- Ticket Income $268,920
Level 3 -- Attendance: 1886 (94.30%) -- Ticket Income $66,010
Level 4 -- Attendance: 3818 (95.45%) -- Ticket Income $95,450
Luxury Box -- Attendance: 991 (99.10%) -- Ticket Income $198,200
Game was played at the Bridgestone arena.
Total Attendance: 17084 (94.91%)
Total Ticket Income: $1,219,280
Other Income: $182,892
Total Income: $1,402,172
Islanders
5 vs 5 Forward
Center Left Wing Right Wing Time % Phy DF OF
1 Frans Nielsen Kellan Lain Vladimir Tarasenko 40 1 2 2
2 Melker Karlsson Brock McGinn Rick Nash 30 1 2 2
3 Michael Latta Sergei Plotnikov Craig Smith 20 1 2 2
4 Vladimir Tarasenko Emerson Etem Andrew Shaw 10 1 2 2
5 vs 5 Defense
Defense Defense Time % Phy DF OF
1 Ryan Ellis Yann Sauvé 40 1 2 2
2 Wes O'Neill Nikita Zadorov 30 1 2 2
3 Brenden Dillon Justin Falk 20 1 2 2
4 Dylan McIlrath Ryan Ellis 10 1 2 2
PowerPlay Forward
Center Left Wing Right Wing Time % Phy DF OF
1 Frans Nielsen Kellan Lain Vladimir Tarasenko 60 1 2 2
2 Melker Karlsson Brock McGinn Rick Nash 40 1 2 2
PowerPlay Defense
Defense Defense Time % Phy DF OF
1 Ryan Ellis Yann Sauvé 60 1 2 2
2 Wes O'Neill Nikita Zadorov 40 1 2 2
Penalty Kill 4 Players Forward
Center Wing Time % Phy DF OF
1 Vladimir Tarasenko Rick Nash 60 1 2 2
2 Kellan Lain Frans Nielsen 40 1 2 2
Penalty Kill 4 Players Defense
Defense Defense Time % Phy DF OF
1 Ryan Ellis Yann Sauvé 60 1 2 2
2 Wes O'Neill Nikita Zadorov 40 1 2 2
Penalty Kill - 3 Players Forward
Forward Time % Phy DF OF
1 Vladimir Tarasenko 60 1 2 2
2 Rick Nash 40 1 2 2
Penalty Kill - 3 Players Defense
Defense Defense Time % Phy DF OF
1 Ryan Ellis Yann Sauvé 60 1 2 2
2 Wes O'Neill Nikita Zadorov 40 1 2 2
4 vs 4 Forward
Center Wing Time % Phy DF OF
1 Vladimir Tarasenko Rick Nash 60 1 2 2
2 Kellan Lain Frans Nielsen 40 1 2 2
4 vs 4 Defense
Defense Defense Time % Phy DF OF
1 Ryan Ellis Yann Sauvé 60 1 2 2
2 Wes O'Neill Nikita Zadorov 40 1 2 2
Last Minutes Offensive
Center Left Wing Right Wing Defense Defense
Frans Nielsen Kellan Lain Vladimir Tarasenko Ryan Ellis Yann Sauvé
Last Minutes Defensive
Center Left Wing Right Wing Defense Defense
Frans Nielsen Kellan Lain Vladimir Tarasenko Ryan Ellis Yann Sauvé
Goaltenders
Starting : Cam Ward
Backup : Marc-André Fleury
Extra Forwards
Normal : Michael Latta, Sergei Plotnikov, Emerson Etem - PP : Michael Latta, Sergei Plotnikov - PK : Emerson Etem
Extra Defensemen
Normal : Brenden Dillon, Justin Falk, Dylan McIlrath - PP : Brenden Dillon - PK : Justin Falk, Dylan McIlrath
Penalty Shots
Vladimir Tarasenko, Rick Nash, Kellan Lain, Frans Nielsen, Brock McGinn
Scratches
Carl Klingberg (Healthy), Christian Fischer (Healthy), Pierre-Edouard Bellemare (Bruised Left Shoulder Injury)
Predators
5 vs 5 Forward
Center Left Wing Right Wing Time % Phy DF OF
1 Matt Stajan Alexander Ovechkin Mikael Granlund 40 1 2 2
2 Jack Eichel Jaden Schwartz Reilly Smith 30 1 2 2
3 Andy Miele Nicolas Kerdiles Mark Pysyk 20 1 2 2
4 Scott Laughton Justin Abdelkader Mike Brown 10 1 2 2
5 vs 5 Defense
Defense Defense Time % Phy DF OF
1 Ryan Mcdonagh Justin Faulk 40 1 2 2
2 John Moore Alexander Edler 30 1 2 2
3 Nate Schmidt Josh Morrissey 20 1 2 2
4 Ryan Mcdonagh Alexander Edler 10 1 2 2
PowerPlay Forward
Center Left Wing Right Wing Time % Phy DF OF
1 Matt Stajan Alexander Ovechkin Mikael Granlund 60 1 2 2
2 Jack Eichel Jaden Schwartz Reilly Smith 40 1 2 2
PowerPlay Defense
Defense Defense Time % Phy DF OF
1 Ryan Mcdonagh Justin Faulk 60 1 2 2
2 John Moore Alexander Edler 40 1 2 2
Penalty Kill 4 Players Forward
Center Wing Time % Phy DF OF
1 Andy Miele Mark Pysyk 60 1 2 2
2 Jaden Schwartz Mike Brown 40 1 2 2
Penalty Kill 4 Players Defense
Defense Defense Time % Phy DF OF
1 Ryan Mcdonagh Justin Faulk 60 1 3 1
2 John Moore Nate Schmidt 40 1 3 1
Penalty Kill - 3 Players Forward
Forward Time % Phy DF OF
1 Jaden Schwartz 60 1 2 2
2 Mark Pysyk 40 1 2 2
Penalty Kill - 3 Players Defense
Defense Defense Time % Phy DF OF
1 Ryan Mcdonagh Justin Faulk 60 1 3 1
2 John Moore Nate Schmidt 40 1 3 1
4 vs 4 Forward
Center Wing Time % Phy DF OF
1 Mikael Granlund Alexander Ovechkin 60 1 2 2
2 Jaden Schwartz Andy Miele 40 1 2 2
4 vs 4 Defense
Defense Defense Time % Phy DF OF
1 Ryan Mcdonagh Justin Faulk 60 1 2 2
2 John Moore Alexander Edler 40 1 2 2
Last Minutes Offensive
Center Left Wing Right Wing Defense Defense
Matt Stajan Alexander Ovechkin Mikael Granlund Ryan Mcdonagh Alexander Edler
Last Minutes Defensive
Center Left Wing Right Wing Defense Defense
Andy Miele Alexander Ovechkin Mikael Granlund Ryan Mcdonagh Alexander Edler
Goaltenders
Starting : Michal Neuvirth
Backup : Kari Lehtonen
Extra Forwards
Normal : Matt Stajan, Mark Pysyk, Justin Abdelkader - PP : Matt Stajan, Mark Pysyk - PK : Justin Abdelkader
Extra Defensemen
Normal : Josh Morrissey, Nate Schmidt, John Moore - PP : Josh Morrissey - PK : Nate Schmidt, Josh Morrissey
Penalty Shots
Mikael Granlund, Alexander Ovechkin, Jaden Schwartz, Andy Miele, Reilly Smith
Scratches
None
% Time on Ice - Islanders
Lines # - Real PCT - Wanted PCT - Time Play
Normal Forward
1 - 30% - 40% - 14:38
2 - 31% - 30% - 15:08
3 - 26% - 20% - 12:45
4 - 13% - 10% - 6:09
Normal Defense
1 - 39% - 40% - 19:09
2 - 31% - 30% - 15:07
3 - 22% - 20% - 10:51
4 - 7% - 10% - 3:33
PP Forward
1 - 45% - 60% - 2:02
2 - 55% - 40% - 2:28
PP Defense
1 - 53% - 60% - 2:24
2 - 47% - 40% - 2:06
PK Forward
1 - 78% - 60% - 4:07
2 - 22% - 40% - 1:08
PK Defense
1 - 67% - 60% - 3:32
2 - 33% - 40% - 1:43
PK3 Forward
1 - 0% - 60%
2 - 0% - 40%
PK3 Defense
1 - 0% - 60%
2 - 0% - 40%
44 Forward
1 - 65% - 60% - 1:02
2 - 35% - 40% - 0:33
44 Defense
1 - 76% - 60% - 1:12
2 - 24% - 40% - 0:23
Last Minute Offensive - 0:00
Last Minute Defensive - 0:00
Total
Forward - 60:00
Defense - 60:00
|
% Time on Ice - Predators
Lines # - Real PCT - Wanted PCT - Time Play
Normal Forward
1 - 35% - 40% - 16:49
2 - 27% - 30% - 13:15
3 - 23% - 20% - 11:15
4 - 15% - 10% - 7:21
Normal Defense
1 - 39% - 40% - 18:49
2 - 34% - 30% - 16:19
3 - 23% - 20% - 10:59
4 - 5% - 10% - 2:33
PP Forward
1 - 64% - 60% - 3:21
2 - 36% - 40% - 1:54
PP Defense
1 - 73% - 60% - 3:49
2 - 27% - 40% - 1:26
PK Forward
1 - 70% - 60% - 3:10
2 - 30% - 40% - 1:20
PK Defense
1 - 53% - 60% - 2:22
2 - 47% - 40% - 2:08
PK3 Forward
1 - 0% - 60%
2 - 0% - 40%
PK3 Defense
1 - 0% - 60%
2 - 0% - 40%
44 Forward
1 - 74% - 60% - 1:10
2 - 26% - 40% - 0:25
44 Defense
1 - 42% - 60% - 0:40
2 - 58% - 40% - 0:55
Last Minute Offensive - 0:00
Last Minute Defensive - 0:00
Total
Forward - 60:00
Defense - 60:00
|
Play-by-Play
1st period
0:01 of 1st period - Frans Nielsen wins face-off versus Matt Stajan in neutral zone.
0:03 of 1st period - Off-side.
0:04 of 1st period - Frans Nielsen wins face-off versus Matt Stajan in neutral zone.
0:06 of 1st period - Off-side.
0:07 of 1st period - Mikael Granlund wins face-off versus Frans Nielsen in neutral zone.
0:14 of 1st period - Snap shot by Matt Stajan.
0:14 of 1st period - Shot Misses the Net.
0:35 of 1st period - Wrist shot by Vladimir Tarasenko.
0:35 of 1st period - Shot Misses the Net.
0:37 of 1st period - Slapshot by Ryan Ellis.
0:37 of 1st period - Deflect By Frans Nielsen.
0:37 of 1st period - Deflect By Ryan Mcdonagh.
0:37 of 1st period - Stopped by Michal Neuvirth with a rebound.
0:39 of 1st period - Wrist shot by Vladimir Tarasenko.
0:39 of 1st period - Stopped by Michal Neuvirth with a rebound.
1:14 of 1st period - Wrist shot by Vladimir Tarasenko.
1:14 of 1st period - Stopped by Michal Neuvirth without a rebound.
1:15 of 1st period - Jack Eichel wins face-off versus Melker Karlsson in Predators zone.
2:45 of 1st period - Off-side.
2:46 of 1st period - Justin Abdelkader wins face-off versus Michael Latta in neutral zone.
2:52 of 1st period - Slapshot by Scott Laughton.
2:52 of 1st period - Stopped by Cam Ward without a rebound.
2:53 of 1st period - Michael Latta wins face-off versus Scott Laughton in Islanders zone.
2:53 of 1st period - Michael Latta is hit by Mike Brown.
3:29 of 1st period - Minor Penalty to Scott Laughton for Hooking.
3:30 of 1st period - Frans Nielsen wins face-off versus Andy Miele in Predators zone.
3:34 of 1st period - Slapshot by Ryan Ellis.
3:34 of 1st period - Shot Misses the Net.
3:36 of 1st period - Snap shot by Frans Nielsen.
3:36 of 1st period - Stopped by Michal Neuvirth with a rebound.
3:40 of 1st period - Snap shot by Vladimir Tarasenko.
3:40 of 1st period - Shot Blocked by Justin Faulk.
3:42 of 1st period - Snap shot by Kellan Lain.
3:42 of 1st period - Goal by Kellan Lain - Islanders : 1 - Predators : 0.
3:43 of 1st period - Jack Eichel wins face-off versus Melker Karlsson in neutral zone.
3:46 of 1st period - Snap shot by Jaden Schwartz.
3:46 of 1st period - Shot Misses the Net.
3:48 of 1st period - Backhand shot by Ryan Mcdonagh.
3:48 of 1st period - Deflect By Rick Nash.
3:48 of 1st period - Stopped by Cam Ward with a rebound.
3:50 of 1st period - Slapshot by Jaden Schwartz.
3:50 of 1st period - Shot Blocked by Nikita Zadorov.
4:10 of 1st period - Wes O'Neill is hit by Alexander Ovechkin and loses puck.
5:13 of 1st period - Snap shot by Reilly Smith.
5:13 of 1st period - Shot Blocked by Kellan Lain.
5:15 of 1st period - Backhand shot by Nate Schmidt.
5:15 of 1st period - Shot Misses the Net.
5:17 of 1st period - Slapshot by Nate Schmidt.
5:17 of 1st period - Stopped by Cam Ward with a rebound.
5:37 of 1st period - Alexander Ovechkin is hit by Sergei Plotnikov and loses puck.
6:07 of 1st period - Icing by Ryan Mcdonagh.
6:08 of 1st period - Vladimir Tarasenko wins face-off versus Scott Laughton in Predators zone.
6:24 of 1st period - Ryan Mcdonagh is hit by Melker Karlsson and loses puck.
6:49 of 1st period - Minor Penalty to Justin Faulk for Hooking.
6:50 of 1st period - Andy Miele wins face-off versus Frans Nielsen in Predators zone.
7:07 of 1st period - Wrist shot by Andy Miele.
7:07 of 1st period - Stopped by Cam Ward with a rebound.
8:00 of 1st period - Icing by Nikita Zadorov.
8:01 of 1st period - Justin Abdelkader wins face-off versus Frans Nielsen in Islanders zone.
8:08 of 1st period - Wrist shot by Alexander Ovechkin.
8:08 of 1st period - Stopped by Cam Ward with a rebound.
8:49 of 1st period - Penalty to Justin Faulk is over, Justin Faulk is back on ice.
9:27 of 1st period - Jaden Schwartz is hit by Vladimir Tarasenko and loses puck.
9:59 of 1st period - Icing by Vladimir Tarasenko.
10:00 of 1st period - Andy Miele wins face-off versus Frans Nielsen in Islanders zone.
11:24 of 1st period - Minor Penalty to Alexander Ovechkin for Boarding.
11:25 of 1st period - Andy Miele wins face-off versus Frans Nielsen in Predators zone.
11:25 of 1st period - Andy Miele is hit by Frans Nielsen.
11:50 of 1st period - Rick Nash is hit by Jaden Schwartz and loses puck.
11:57 of 1st period - Slapshot by Ryan Ellis.
11:57 of 1st period - Stopped by Michal Neuvirth with a rebound.
12:06 of 1st period - Icing by Melker Karlsson.
12:07 of 1st period - Andy Miele wins face-off versus Melker Karlsson in Islanders zone.
12:21 of 1st period - Wrist shot by Brock McGinn.
12:21 of 1st period - Shot Misses the Net.
12:23 of 1st period - Slapshot by Melker Karlsson.
12:23 of 1st period - Shot Blocked by Justin Faulk.
13:14 of 1st period - Slapshot by Melker Karlsson.
13:14 of 1st period - Stopped by Michal Neuvirth without a rebound.
13:15 of 1st period - Kellan Lain wins face-off versus Andy Miele in Predators zone.
13:18 of 1st period - Snap shot by Vladimir Tarasenko.
13:18 of 1st period - Goal by Vladimir Tarasenko - Islanders : 2 - Predators : 0.
13:19 of 1st period - Frans Nielsen wins face-off versus Matt Stajan in neutral zone.
13:33 of 1st period - Snap shot by Mikael Granlund.
13:33 of 1st period - Stopped by Cam Ward with a rebound.
13:45 of 1st period - Jaden Schwartz is hit by Michael Latta and loses puck.
13:51 of 1st period - Off-side.
13:52 of 1st period - Michael Latta wins face-off versus Jack Eichel in neutral zone.
13:55 of 1st period - Alexander Edler is hit by Sergei Plotnikov.
14:06 of 1st period - Off-side.
14:07 of 1st period - Frans Nielsen wins face-off versus Matt Stajan in neutral zone.
16:21 of 1st period - Snap shot by Nicolas Kerdiles.
16:21 of 1st period - Stopped by Cam Ward with a rebound.
16:39 of 1st period - Wrist shot by Brock McGinn.
16:39 of 1st period - Stopped by Michal Neuvirth without a rebound.
16:40 of 1st period - Matt Stajan wins face-off versus Melker Karlsson in Predators zone.
17:09 of 1st period - Jaden Schwartz is hit by Nikita Zadorov and loses puck.
17:28 of 1st period - Snap shot by Andy Miele.
17:28 of 1st period - Stopped by Cam Ward without a rebound.
17:29 of 1st period - Andy Miele wins face-off versus Michael Latta in Islanders zone.
18:03 of 1st period - Mikael Granlund is hit by Kellan Lain and loses puck.
18:43 of 1st period - Snap shot by Andy Miele.
18:43 of 1st period - Deflect By Mark Pysyk.
18:43 of 1st period - Shot Misses the Net.
18:43 of 1st period - Puck is out of play.
18:44 of 1st period - Andy Miele wins face-off versus Vladimir Tarasenko in Islanders zone.
18:45 of 1st period - Wrist shot by Nicolas Kerdiles.
18:45 of 1st period - Shot Misses the Net.
18:47 of 1st period - Wrist shot by Mark Pysyk.
18:47 of 1st period - Goal by Mark Pysyk - Islanders : 2 - Predators : 1.
18:48 of 1st period - Frans Nielsen wins face-off versus Matt Stajan in neutral zone.
19:28 of 1st period - Snap shot by Sergei Plotnikov.
19:28 of 1st period - Shot Misses the Net.
19:44 of 1st period - Snap shot by Nicolas Kerdiles.
19:44 of 1st period - Shot Misses the Net.
Goals for this period are 2 for Islanders vs 1 for Predators.
Shots for this period are 9 for Islanders vs 9 for Predators.
2nd period
0:01 of 2nd period - Frans Nielsen wins face-off versus Mikael Granlund in neutral zone.
0:03 of 2nd period - Minor Penalty to Frans Nielsen for Slashing.
0:04 of 2nd period - Matt Stajan wins face-off versus Vladimir Tarasenko in Islanders zone.
0:12 of 2nd period - Snap shot by Vladimir Tarasenko.
0:12 of 2nd period - Shot Blocked by Justin Faulk.
0:14 of 2nd period - Slapshot by Yann Sauvé.
0:14 of 2nd period - Shot Misses the Net.
0:16 of 2nd period - Slapshot by Yann Sauvé.
0:16 of 2nd period - Goal by Yann Sauvé - Islanders : 3 - Predators : 1.
0:17 of 2nd period - Matt Stajan wins face-off versus Vladimir Tarasenko in neutral zone.
2:03 of 2nd period - Penalty to Frans Nielsen is over, Frans Nielsen is back on ice.
2:04 of 2nd period - Yann Sauvé is hit by Justin Faulk and loses puck.
2:15 of 2nd period - Michael Latta is hit by Ryan Mcdonagh and loses puck.
3:47 of 2nd period - Nikita Zadorov is hit by Alexander Edler and loses puck.
4:04 of 2nd period - Minor Penalty to Matt Stajan for Hooking.
4:05 of 2nd period - Andy Miele wins face-off versus Frans Nielsen in Predators zone.
4:28 of 2nd period - Minor Penalty to Frans Nielsen for Boarding.
4:29 of 2nd period - Mikael Granlund wins face-off versus Vladimir Tarasenko in Islanders zone.
4:32 of 2nd period - Wrist shot by Mikael Granlund.
4:32 of 2nd period - Stopped by Cam Ward with a rebound.
5:20 of 2nd period - Slapshot by Ryan Ellis.
5:20 of 2nd period - Shot Blocked by John Moore.
5:23 of 2nd period - Icing by Andy Miele.
5:24 of 2nd period - Vladimir Tarasenko wins face-off versus Jaden Schwartz in Predators zone.
5:46 of 2nd period - Icing by John Moore.
5:47 of 2nd period - Mikael Granlund wins face-off versus Kellan Lain in Predators zone.
6:04 of 2nd period - Penalty to Matt Stajan is over, Matt Stajan is back on ice.
6:10 of 2nd period - Snap shot by Jaden Schwartz.
6:10 of 2nd period - Shot Blocked by Yann Sauvé.
6:12 of 2nd period - Wrist shot by Justin Faulk.
6:12 of 2nd period - Goal by Justin Faulk - Islanders : 3 - Predators : 2.
6:13 of 2nd period - Matt Stajan wins face-off versus Frans Nielsen in neutral zone.
6:18 of 2nd period - Slapshot by Mikael Granlund.
6:18 of 2nd period - Stopped by Cam Ward without a rebound.
6:19 of 2nd period - Matt Stajan wins face-off versus Frans Nielsen in Islanders zone.
6:30 of 2nd period - Wrist shot by Matt Stajan.
6:30 of 2nd period - Shot Misses the Net.
6:48 of 2nd period - Alexander Edler is hit by Kellan Lain and loses puck.
7:13 of 2nd period - Wrist shot by Ryan Ellis.
7:13 of 2nd period - Stopped by Michal Neuvirth with a rebound.
7:21 of 2nd period - Wrist shot by Frans Nielsen.
7:21 of 2nd period - Stopped by Michal Neuvirth without a rebound.
7:22 of 2nd period - Jack Eichel wins face-off versus Melker Karlsson in Predators zone.
7:37 of 2nd period - Snap shot by Jaden Schwartz.
7:37 of 2nd period - Stopped by Cam Ward with a rebound.
7:39 of 2nd period - Wrist shot by Jaden Schwartz.
7:39 of 2nd period - Shot Blocked by Brock McGinn.
7:51 of 2nd period - Nikita Zadorov is hit by Mark Pysyk and loses puck.
8:53 of 2nd period - Andrew Shaw is hit by John Moore and loses puck.
9:00 of 2nd period - Ryan Ellis is hit by Mark Pysyk and loses puck.
9:17 of 2nd period - Slapshot by John Moore.
9:17 of 2nd period - Stopped by Cam Ward without a rebound.
9:18 of 2nd period - Melker Karlsson wins face-off versus Matt Stajan in Islanders zone.
9:18 of 2nd period - Melker Karlsson is hit by Mikael Granlund.
9:26 of 2nd period - Wrist shot by Brock McGinn.
9:26 of 2nd period - Stopped by Michal Neuvirth without a rebound.
9:27 of 2nd period - Melker Karlsson wins face-off versus Matt Stajan in Predators zone.
10:20 of 2nd period - Slapshot by Yann Sauvé.
10:20 of 2nd period - Stopped by Michal Neuvirth with a rebound.
10:22 of 2nd period - Slapshot by Yann Sauvé.
10:22 of 2nd period - Deflect By Nicolas Kerdiles.
10:22 of 2nd period - Stopped by Michal Neuvirth without a rebound.
10:23 of 2nd period - Melker Karlsson wins face-off versus Matt Stajan in Predators zone.
10:26 of 2nd period - Slapshot by Rick Nash.
10:26 of 2nd period - Shot Blocked by Matt Stajan.
10:28 of 2nd period - Slapshot by Nikita Zadorov.
10:28 of 2nd period - Stopped by Michal Neuvirth with a rebound.
10:38 of 2nd period - Backhand shot by Melker Karlsson.
10:38 of 2nd period - Stopped by Michal Neuvirth with a rebound.
12:10 of 2nd period - Wrist shot by Jaden Schwartz.
12:10 of 2nd period - Deflect By Jack Eichel.
12:10 of 2nd period - Stopped by Cam Ward without a rebound.
12:11 of 2nd period - Frans Nielsen wins face-off versus Jaden Schwartz in Islanders zone.
12:20 of 2nd period - Snap shot by Jaden Schwartz.
12:20 of 2nd period - Stopped by Cam Ward with a rebound.
12:22 of 2nd period - Slapshot by Josh Morrissey.
12:22 of 2nd period - Stopped by Cam Ward without a rebound.
12:23 of 2nd period - Matt Stajan wins face-off versus Brock McGinn in Islanders zone.
12:30 of 2nd period - Slapshot by Mikael Granlund.
12:30 of 2nd period - Stopped by Cam Ward with a rebound.
12:32 of 2nd period - Wrist shot by Matt Stajan.
12:32 of 2nd period - Shot Blocked by Brock McGinn.
12:34 of 2nd period - Snap shot by Mikael Granlund.
12:34 of 2nd period - Stopped by Cam Ward without a rebound.
12:35 of 2nd period - Matt Stajan wins face-off versus Frans Nielsen in Islanders zone.
12:42 of 2nd period - Slapshot by Ryan Ellis.
12:42 of 2nd period - Stopped by Michal Neuvirth with a rebound.
12:44 of 2nd period - Snap shot by Vladimir Tarasenko.
12:44 of 2nd period - Stopped by Michal Neuvirth with a rebound.
12:46 of 2nd period - Wrist shot by Vladimir Tarasenko.
12:46 of 2nd period - Stopped by Michal Neuvirth without a rebound.
12:47 of 2nd period - Matt Stajan wins face-off versus Frans Nielsen in Predators zone.
13:14 of 2nd period - Jaden Schwartz is hit by Melker Karlsson and loses puck.
13:19 of 2nd period - Backhand shot by Brock McGinn.
13:19 of 2nd period - Shot Blocked by Jack Eichel.
13:21 of 2nd period - Snap shot by Melker Karlsson.
13:21 of 2nd period - Deflect By Rick Nash.
13:21 of 2nd period - Shot Misses the Net.
13:21 of 2nd period - Puck is out of play.
13:22 of 2nd period - Frans Nielsen wins face-off versus Jack Eichel in Predators zone.
13:29 of 2nd period - Wrist shot by Frans Nielsen.
13:29 of 2nd period - Shot Misses the Net.
13:39 of 2nd period - Snap shot by Jack Eichel.
13:39 of 2nd period - Stopped by Cam Ward without a rebound.
13:40 of 2nd period - Brock McGinn wins face-off versus Matt Stajan in Islanders zone.
13:49 of 2nd period - Snap shot by Melker Karlsson.
13:49 of 2nd period - Stopped by Michal Neuvirth without a rebound.
13:50 of 2nd period - Melker Karlsson wins face-off versus Matt Stajan in Predators zone.
13:51 of 2nd period - Slapshot by Brock McGinn.
13:51 of 2nd period - Shot Blocked by Alexander Ovechkin.
15:18 of 2nd period - Snap shot by Matt Stajan.
15:18 of 2nd period - Deflect By Mikael Granlund.
15:18 of 2nd period - Shot Blocked by Ryan Ellis.
15:18 of 2nd period - Puck is out of play.
15:19 of 2nd period - Jack Eichel wins face-off versus Frans Nielsen in Islanders zone.
15:28 of 2nd period - Wrist shot by Jaden Schwartz.
15:28 of 2nd period - Stopped by Cam Ward without a rebound.
15:29 of 2nd period - Frans Nielsen wins face-off versus Jack Eichel in Islanders zone.
15:40 of 2nd period - Wrist shot by Vladimir Tarasenko.
15:40 of 2nd period - Stopped by Michal Neuvirth with a rebound.
15:42 of 2nd period - Snap shot by Vladimir Tarasenko.
15:42 of 2nd period - Stopped by Michal Neuvirth with a rebound.
15:44 of 2nd period - Snap shot by Wes O'Neill.
15:44 of 2nd period - Stopped by Michal Neuvirth without a rebound.
15:45 of 2nd period - Andy Miele wins face-off versus Frans Nielsen in Predators zone.
15:50 of 2nd period - Frans Nielsen is hit by Andy Miele and loses puck.
16:06 of 2nd period - Icing by Josh Morrissey.
16:07 of 2nd period - Michael Latta wins face-off versus Jack Eichel in Predators zone.
16:10 of 2nd period - Slapshot by Craig Smith.
16:10 of 2nd period - Shot Blocked by Nate Schmidt.
16:46 of 2nd period - Wrist shot by Mark Pysyk.
16:46 of 2nd period - Stopped by Cam Ward without a rebound.
16:47 of 2nd period - Matt Stajan wins face-off versus Melker Karlsson in Islanders zone.
16:54 of 2nd period - Slapshot by Justin Faulk.
16:54 of 2nd period - Stopped by Cam Ward without a rebound.
16:55 of 2nd period - Matt Stajan wins face-off versus Melker Karlsson in Islanders zone.
17:13 of 2nd period - Wrist shot by Alexander Ovechkin.
17:13 of 2nd period - Stopped by Cam Ward without a rebound.
17:14 of 2nd period - Jack Eichel wins face-off versus Frans Nielsen in Islanders zone.
17:20 of 2nd period - Minor Penalty to Kellan Lain for Holding.
17:21 of 2nd period - Matt Stajan wins face-off versus Vladimir Tarasenko in Islanders zone.
17:29 of 2nd period - Wrist shot by Mikael Granlund.
17:29 of 2nd period - Stopped by Cam Ward without a rebound.
17:30 of 2nd period - Matt Stajan wins face-off versus Vladimir Tarasenko in Islanders zone.
18:15 of 2nd period - Wrist shot by Mikael Granlund.
18:15 of 2nd period - Goal by Mikael Granlund - Islanders : 3 - Predators : 3.
18:16 of 2nd period - Michael Latta wins face-off versus Jack Eichel in neutral zone.
18:18 of 2nd period - Off-side.
18:19 of 2nd period - Michael Latta wins face-off versus Jack Eichel in neutral zone.
18:44 of 2nd period - Snap shot by Mikael Granlund.
18:44 of 2nd period - Shot Misses the Net.
18:53 of 2nd period - Off-side.
18:54 of 2nd period - Jaden Schwartz wins face-off versus Brock McGinn in neutral zone.
18:54 of 2nd period - Jaden Schwartz is hit by Rick Nash.
19:16 of 2nd period - Rick Nash is hit by Justin Faulk and loses puck.
19:25 of 2nd period - Reilly Smith is hit by Brock McGinn and loses puck.
19:46 of 2nd period - Wrist shot by Jack Eichel.
19:46 of 2nd period - Shot Blocked by Yann Sauvé.
Goals for this period are 1 for Islanders vs 2 for Predators.
Shots for this period are 15 for Islanders vs 17 for Predators.
3rd period
0:01 of 3rd period - Matt Stajan wins face-off versus Frans Nielsen in neutral zone.
0:16 of 3rd period - Snap shot by Vladimir Tarasenko.
0:16 of 3rd period - Shot Misses the Net.
0:26 of 3rd period - Justin Faulk is hit by Rick Nash and loses puck.
1:28 of 3rd period - Rick Nash is hit by Mike Brown and loses puck.
1:57 of 3rd period - Michael Latta is hit by Jaden Schwartz and loses puck.
2:38 of 3rd period - Snap shot by Rick Nash.
2:38 of 3rd period - Stopped by Michal Neuvirth with a rebound.
2:50 of 3rd period - Wrist shot by Sergei Plotnikov.
2:50 of 3rd period - Stopped by Michal Neuvirth without a rebound.
2:51 of 3rd period - Michael Latta wins face-off versus Scott Laughton in Predators zone.
2:58 of 3rd period - Snap shot by Scott Laughton.
2:58 of 3rd period - Stopped by Cam Ward with a rebound.
3:00 of 3rd period - Slapshot by Ryan Mcdonagh.
3:00 of 3rd period - Stopped by Cam Ward with a rebound.
3:02 of 3rd period - Slapshot by Ryan Mcdonagh.
3:02 of 3rd period - Stopped by Cam Ward without a rebound.
3:03 of 3rd period - Matt Stajan wins face-off versus Frans Nielsen in Islanders zone.
3:04 of 3rd period - Snap shot by Alexander Ovechkin.
3:04 of 3rd period - Stopped by Cam Ward with a rebound.
3:35 of 3rd period - Snap shot by Ryan Ellis.
3:35 of 3rd period - Stopped by Michal Neuvirth with a rebound.
3:39 of 3rd period - Slapshot by Rick Nash.
3:39 of 3rd period - Stopped by Michal Neuvirth with a rebound.
3:57 of 3rd period - Michael Latta is hit by Alexander Edler and loses puck.
4:31 of 3rd period - Slapshot by Josh Morrissey.
4:31 of 3rd period - Shot Blocked by Melker Karlsson.
4:39 of 3rd period - Slapshot by Matt Stajan.
4:39 of 3rd period - Stopped by Cam Ward without a rebound.
4:40 of 3rd period - Matt Stajan wins face-off versus Michael Latta in Islanders zone.
5:29 of 3rd period - Brock McGinn is hit by Nicolas Kerdiles and loses puck.
5:52 of 3rd period - Wrist shot by Scott Laughton.
5:52 of 3rd period - Shot Misses the Net.
5:54 of 3rd period - Snap shot by Mike Brown.
5:54 of 3rd period - Stopped by Cam Ward without a rebound.
5:55 of 3rd period - Scott Laughton wins face-off versus Frans Nielsen in Islanders zone.
6:01 of 3rd period - Minor Penalty to Justin Falk for Hooking.
6:02 of 3rd period - Vladimir Tarasenko wins face-off versus Matt Stajan in Islanders zone.
6:58 of 3rd period - Reilly Smith is hit by Wes O'Neill and loses puck.
7:21 of 3rd period - John Moore is hit by Brock McGinn and loses puck.
7:28 of 3rd period - Mikael Granlund is hit by Yann Sauvé.
8:01 of 3rd period - Penalty to Justin Falk is over, Justin Falk is back on ice.
8:22 of 3rd period - Wrist shot by Frans Nielsen.
8:22 of 3rd period - Stopped by Michal Neuvirth without a rebound.
8:23 of 3rd period - Michael Latta wins face-off versus Scott Laughton in Predators zone.
8:34 of 3rd period - Snap shot by Craig Smith.
8:34 of 3rd period - Stopped by Michal Neuvirth without a rebound.
8:35 of 3rd period - Jack Eichel wins face-off versus Vladimir Tarasenko in Predators zone.
8:35 of 3rd period - Jack Eichel is hit by Andrew Shaw.
9:46 of 3rd period - Ryan Ellis is hit by Mike Brown and loses puck.
10:31 of 3rd period - John Moore is hit by Kellan Lain and loses puck.
11:35 of 3rd period - Jack Eichel is hit by Andrew Shaw.
12:06 of 3rd period - Snap shot by John Moore.
12:06 of 3rd period - Shot Misses the Net.
12:08 of 3rd period - Slapshot by Alexander Edler.
12:08 of 3rd period - Stopped by Cam Ward with a rebound.
12:36 of 3rd period - Snap shot by Jaden Schwartz.
12:36 of 3rd period - Shot Misses the Net.
12:38 of 3rd period - Wrist shot by Jack Eichel.
12:38 of 3rd period - Shot Blocked by Justin Falk.
13:48 of 3rd period - Nikita Zadorov is hit by Jack Eichel and loses puck.
14:27 of 3rd period - Brenden Dillon is hit by Andy Miele and loses puck.
15:25 of 3rd period - Slapshot by Alexander Ovechkin.
15:25 of 3rd period - Shot Misses the Net.
15:27 of 3rd period - Snap shot by Mikael Granlund.
15:27 of 3rd period - Stopped by Cam Ward without a rebound.
15:28 of 3rd period - Frans Nielsen wins face-off versus Andy Miele in Islanders zone.
15:39 of 3rd period - Backhand shot by John Moore.
15:39 of 3rd period - Shot Misses the Net.
15:41 of 3rd period - Slapshot by John Moore.
15:41 of 3rd period - Stopped by Cam Ward with a rebound.
15:43 of 3rd period - Wrist shot by Nicolas Kerdiles.
15:43 of 3rd period - Stopped by Cam Ward with a rebound.
15:45 of 3rd period - Wrist shot by Mark Pysyk.
15:45 of 3rd period - Shot Misses the Net.
16:02 of 3rd period - Ryan Mcdonagh is hit by Craig Smith and loses puck.
16:56 of 3rd period - Vladimir Tarasenko is hit by Mikael Granlund and loses puck.
17:32 of 3rd period - Snap shot by Andy Miele.
17:32 of 3rd period - Stopped by Cam Ward without a rebound.
17:33 of 3rd period - Jack Eichel wins face-off versus Melker Karlsson in Islanders zone.
17:36 of 3rd period - Wrist shot by Jaden Schwartz.
17:36 of 3rd period - Stopped by Cam Ward with a rebound.
17:38 of 3rd period - Backhand shot by Ryan Mcdonagh.
17:38 of 3rd period - Stopped by Cam Ward with a rebound.
17:40 of 3rd period - Wrist shot by Reilly Smith.
17:40 of 3rd period - Deflect By Ryan Ellis.
17:40 of 3rd period - Goal by Reilly Smith - Islanders : 3 - Predators : 4.
17:41 of 3rd period - Andy Miele wins face-off versus Frans Nielsen in neutral zone.
17:52 of 3rd period - Slapshot by Yann Sauvé.
17:52 of 3rd period - Shot Misses the Net.
17:54 of 3rd period - Snap shot by Kellan Lain.
17:54 of 3rd period - Stopped by Michal Neuvirth without a rebound.
17:55 of 3rd period - Andy Miele wins face-off versus Frans Nielsen in Predators zone.
18:15 of 3rd period - Minor Penalty to Kellan Lain for Hooking.
18:16 of 3rd period - Matt Stajan wins face-off versus Vladimir Tarasenko in Islanders zone.
18:28 of 3rd period - Slapshot by Matt Stajan.
18:28 of 3rd period - Goal by Matt Stajan - Islanders : 3 - Predators : 5.
18:29 of 3rd period - Andy Miele wins face-off versus Vladimir Tarasenko in neutral zone.
18:40 of 3rd period - Slapshot by Nicolas Kerdiles.
18:40 of 3rd period - Shot Misses the Net.
18:42 of 3rd period - Slapshot by Justin Faulk.
18:42 of 3rd period - Shot Misses the Net.
19:47 of 3rd period - Slapshot by Michael Latta.
19:47 of 3rd period - Shot Misses the Net.
19:51 of 3rd period - Snap shot by Michael Latta.
19:51 of 3rd period - Stopped by Michal Neuvirth without a rebound.
19:52 of 3rd period - Mike Brown wins face-off versus Andrew Shaw in Predators zone.
Goals for this period are 0 for Islanders vs 2 for Predators.
Shots for this period are 8 for Islanders vs 15 for Predators.